 Dungeon Crawl Stone Soup version 0.16-a0-148-g3b84123 (webtiles) character file.

1031 Bubnilka the Shield-Bearer (level 8, -1/106 HPs)
             Began as a Minotaur Fighter on Aug 15, 2014.
             Slain by a mummy (3 damage)
             ... in an ossuary.
             The game lasted 00:16:47 (4295 turns).

Bubnilka the Shield-Bearer (Minotaur Fighter)       Turns: 4295, Time: 00:16:47

HP  -1/106       AC 24     Str 22      XL: 8   Next:  3%
MP   3/3         EV  2     Int  5      God:
Gold 252         SH 10     Dex 11      Spells:  0 memorised,  7 levels left

rFire  . . .     SeeInvis +     a - +0 flail
rCold  . . .     Clarity  .     r - melded +0 plate armour (curse)
rNeg   + + +     rCorr    .     c - +0 shield
rPois  +         rRot     .     (helmet restricted)
rElec  .         Spirit   .     (cloak currently unavailable)
SustAb .         Warding  .     (gloves currently unavailable)
rMut   .         NoTele   +     (boots currently unavailable)
Gourm  .                        (no amulet)
MR     .....                    y - cursed ring of stealth
                                h - ring of see invisible

@: tree-form, not resistant to hostile enchantments, unstealthy
A: (retaliatory headbutt), (horns 0)
a: no special abilities


You were in an ossuary.
You were not hungry.
You were an animated tree.
You visited 1 branch of the dungeon, and saw 5 of its levels.
You also visited: Ossuary.

You collected 252 gold pieces.

Inventory:

Hand weapons
 a - a +0 flail (weapon)
Armour
 c - a +0 shield (worn)
 r - a cursed +0 plate armour (melded)
Magical devices
 p - a wand of digging (19)
 I - a wand of magic darts (10)
 L - a wand of enslavement (10)
Comestibles
 d - 4 bread rations
 s - 3 meat rations
 F - 2 beef jerkies
Scrolls
 f - a scroll of fear {unknown}
 j - 2 scrolls of recharging
 k - a scroll of noise {unknown}
 l - 2 scrolls of immolation {unknown}
 n - 3 scrolls of amnesia {unknown}
 o - a scroll of fog {unknown}
 t - 2 scrolls of identify {unknown}
 u - 2 scrolls of enchant weapon {unknown}
 v - 3 scrolls of teleportation {unknown}
 w - a scroll of random uselessness {unknown}
 z - 5 scrolls of remove curse {unknown}
 G - a scroll of blinking {unknown}
 K - a scroll of magic mapping {unknown}
Jewellery
 h - a ring of see invisible (left branch)
 y - a cursed ring of stealth (right branch)
 A - an uncursed amulet of clarity {unknown}
Potions
 b - a potion of agility {unknown}
 e - 2 potions of might
 g - a potion of mutation {unknown}
 i - a potion of porridge
 m - a potion of lignification
 q - 3 potions of curing
 x - a potion of restore abilities
 B - a potion of flight {unknown}
 D - a potion of poison {unknown}
 E - a potion of brilliance {unknown}
 M - a potion of heal wounds {unknown}
Books
 C - a book of Frost

   Spells                             Type                      Level
   Freeze                             Ice                          1
   Throw Frost                        Conjuration/Ice              2
   Ozocubu's Armour                   Charms/Ice                   3
   Throw Icicle                       Conjuration/Ice              4
   Summon Ice Beast                   Ice/Summoning                4
   Condensation Shield                Ice                          4
 H - a book of Transfigurations

   Spells                             Type                      Level
   Stoneskin                          Transmutation/Earth          2
   Ice Form                           Ice/Transmutation            4
   Statue Form                        Transmutation/Earth          6
   Dragon Form                        Transmutation                7


   Skills:
 + Level 6.6 Fighting
 + Level 6.2 Maces & Flails
 + Level 6.4 Armour
 + Level 6.7 Shields


You had 7 spell levels left.
You didn't know any spells.

Dungeon Overview and Level Annotations

Branches:
Dungeon (5/15)
 Temple: D:4-7

Altars:
Ashenzari
Dithmenos
Elyvilon
Gozag
Kikubaaqudgha
Sif Muna
Vehumet
Zin
The Shining One


Innate Abilities, Weirdness & Mutations

((You reflexively headbutt those who attack you in melee.))
((You have a pair of horns on your head.))


Message History

You feel better.
It was a potion of curing.
The gnoll zombie hits you.
* * * LOW HITPOINT WARNING * * *
The gnoll zombie hits you but does no damage.
You feel refreshed.
It was a potion of restore abilities.
The hobgoblin zombie hits you but does no damage.
The mummy hits you!
* * * LOW HITPOINT WARNING * * *
You block the mummy's attack. The kobold zombie closely misses you.
The mummy hits you but does no damage. The gnoll zombie hits you.
* * * LOW HITPOINT WARNING * * *
You turn into an animated tree.
Your cursed +0 plate armour melds into your body.
Your roots penetrate the ground.
It was a potion of lignification.
You block the gnoll zombie's attack. The hobgoblin zombie hits you.
* * * LOW HITPOINT WARNING * * *
You block the kobold zombie's attack. The mummy hits you but does no damage.
The mummy hits you but does no damage. The gnoll zombie hits you.
* * * LOW HITPOINT WARNING * * *
You hit the kobold zombie. The mummy hits you.
You die...

...
.........
...........
...........
........#
......#
#....#
#MZM.#
#Z♣Z.#
#M.Z.#
#....#
#....#
#....#
#....#
#.∩∩.#
######


You could see 3 mummies, a hobgoblin zombie, 2 gnoll zombies and a kobold
zombie.

Vanquished Creatures
  A steam dragon (D:4)
  An ogre (D:4)
  A phantom (D:5)
  2 scorpions
  2 vampire bats (D:2)
  A black bear zombie (D:5)
  3 orc priests
  3 orc wizards
  5 worker ants (D:5)
  Terence (D:2)
  2 mummies
  9 adders
  A white imp (D:5)
  2 worms
  An ooze (D:2)
  17 orcs
  7 bat skeletons
  2 bat zombies (D:2)
  5 giant cockroaches
  A gnoll zombie (Ossuary)
  10 goblins
  8 hobgoblins
  6 kobolds
  A quokka (D:4)
  11 bats
  3 giant geckos
  6 giant newts
  2 goblin skeletons (D:5)
  2 goblin zombies (D:5)
  A hobgoblin zombie (D:5)
  3 jackals (D:4)
  A kobold skeleton (D:5)
  2 kobold zombies
  2 orc skeletons (D:5)
  3 orc zombies
  9 rats
137 creatures vanquished.

Notes
Turn   | Place    | Note
--------------------------------------------------------------
     0 | D:1      | Bubnilka, the Minotaur Fighter, began the quest for the Orb.
     0 | D:1      | Reached XP level 1. HP: 19/19 MP: 1/1
   111 | D:1      | HP: 1/20 [kobold/short sword (2)]
   392 | D:1      | Reached XP level 2. HP: 18/27 MP: 1/1
   707 | D:1      | Reached skill level 4 in Fighting
  1093 | D:2      | Reached XP level 3. HP: 24/33 MP: 2/2
  1152 | D:2      | Found a radiant altar of Vehumet.
  1237 | D:2      | Noticed Terence
  1248 | D:2      | Killed Terence
  1352 | D:2      | Reached XP level 4. HP: 41/41 MP: 2/2
  1445 | D:2      | Found an opulent altar of Gozag.
  1445 | D:2      | Found a glowing silver altar of Zin.
  1558 | D:2      | Found an ancient bone altar of Kikubaaqudgha.
  1558 | D:2      | Noticed a vampire bat
  1559 | D:2      | Noticed a vampire bat
  1564 | D:2      | Killed a vampire bat
  1566 | D:2      | Killed a vampire bat
  1566 | D:2      | Reached XP level 5. HP: 47/47 MP: 2/2
  1803 | D:3      | Reached skill level 5 in Fighting
  1953 | D:3      | Reached skill level 5 in Armour
  1953 | D:3      | Reached skill level 5 in Shields
  2575 | D:3      | Reached XP level 6. HP: 54/56 MP: 3/3
  3264 | D:4      | Reached skill level 5 in Maces & Flails
  3406 | D:4      | Noticed a steam dragon
  3430 | D:4      | Killed a steam dragon
  3430 | D:4      | Reached skill level 6 in Shields
  3430 | D:4      | Reached XP level 7. HP: 13/62 MP: 3/3
  3546 | D:4      | Found a white marble altar of Elyvilon.
  3775 | D:5      | Entered Level 5 of the Dungeon
  3809 | D:5      | Found a glowing golden altar of the Shining One.
  4224 | D:5      | Found a shadowy altar of Dithmenos.
  4226 | D:5      | Found a shattered altar of Ashenzari.
  4227 | D:5      | Found a deep blue altar of Sif Muna.
  4246 | D:5      | Reached XP level 8. HP: 36/71 MP: 3/3
  4267 | D:5      | Found a sand-covered staircase.
  4273 | Ossuary  | Entered an ossuary
  4293 | Ossuary  | HP: 2/71 [gnoll zombie (2)]
  4295 | Ossuary  | Slain by a mummy

Action                   |  1- 3 |  4- 6 |  7- 9 || total
-------------------------+-------+-------+-------++-------
Melee: Flail             |    94 |   239 |   153 ||   486
Evoke: Wand              |       |     2 |     1 ||     3
  Use: Scroll            |       |     1 |       ||     1
       Potion            |       |       |     3 ||     3
  Eat: Chunk             |     1 |     3 |     2 ||     6
       Bread ration      |       |     1 |       ||     1
       Pizza             |       |       |     1 ||     1
